 Dungeon Crawl Stone Soup version 0.28-a0-1429-gf3d713df7a (webtiles) character file.

Game seed: 13799625558037405417

287 HallandMoats the Ruffian (level 6, 0/61 HPs)
             Began as a Troll Monk on Jan 9, 2022.
             Was an Elder of Elyvilon.
             Slain by an orc wizard (1 damage)
             ... on level 4 of the Dungeon.
             The game lasted 00:03:08 (2236 turns).

HallandMoats the Ruffian (Troll Monk)               Turns: 2236, Time: 00:03:09

Health: 0/61       AC:  5    Str: 17    XL:     6   Next: 8%
Magic:  5/5        EV: 11    Int:  6    God:    Elyvilon [****..]
Gold:   151        SH:  0    Dex: 14    Spells: 5/5 levels left

rFire   . . .      SeeInvis .     - Unarmed
rCold   + . .      Faith    .   (no shield)
rNeg    . . .      Spirit   .   q - +0 robe
rPois   +          Reflect  .   (helmet restricted)
rElec   .          Harm     .   l - +0 cloak
rCorr   .          Rampage  .   (gloves unavailable)
Will    .....                   (boots unavailable)
Stlth   +++.......              (no amulet)
HPRegen 1.00/turn               e - ring "Haiq" {rPois rC+ Str-3 Stlth+}
MPRegen 0.09/turn               (no ring)

@: very slow
A: large, unfitting armour, claws 3, regeneration 1, shaggy fur 1, tough skin 1
a: Renounce Religion, Purification, Heal Other, Heal Self


You were on level 4 of the Dungeon.
You worshipped Elyvilon.
Elyvilon was greatly pleased with you.
You visited 1 branch of the dungeon, and saw 4 of its levels.

You collected 151 gold pieces.

Inventory:

Hand Weapons
 a - the +6 mace "Otur" {flame, Will+ Str+2}
   (You found it on level 3 of the Dungeon)

   It burns those it strikes, dealing additional fire damage.
   Str:       It affects your strength (+2).
   Will:      It increases your willpower.
Armour
 l - a +0 cloak (worn)
 q - a +0 robe (worn)
Jewellery
 e - the ring "Haiq" (left claw) {rPois rC+ Str-3 Stlth+}
   (You found it on level 2 of the Dungeon)

   [ring of protection from cold]

   Str:       It affects your strength (-3).
   rC:        It protects you from cold.
   rPois:     It protects you from poison.
   Stlth:     It makes you more stealthy.
Scrolls
 b - a scroll of brand weapon {unknown}
 c - 4 scrolls of magic mapping {unknown}
 g - 4 scrolls of identify {unknown}
 h - 2 scrolls of immolation {unknown}
 j - 2 scrolls of summoning {unknown}
 k - 2 scrolls of teleportation {unknown}
 m - a scroll of amnesia {unknown}
 n - a scroll of blinking {unknown}
Potions
 d - a potion of heal wounds {unknown}
 f - a potion of brilliance {unknown}
 i - a potion of might {unknown}
 o - a potion of curing {unknown}
 p - 2 potions of haste {unknown}


   Skills:
 + Level 3.4 Fighting
 + Level 2.3 Armour
 + Level 3.4 Dodging
 - Level 1.0 Stealth
 + Level 4.3 Unarmed Combat


You had 5 spell levels left.
You didn't know any spells.
Your spell library contained the following spells:

 Spells                   Type           Power      Damage    Failure   Level
 Foxfire                  Conj/Fire      0%         2x1d4     45%         1
 Sting                    Tmut/Pois      0%         1d3       45%         1
 Passwall                 Tmut/Erth      0%         N/A       58%         2
 Poisonous Vapours        Pois/Air       0%         N/A       58%         2
 Conjure Flame            Conj/Fire      0%         6-21      83%         3
 Inner Flame              Hex/Fire       0%         N/A       83%         3
 Swiftness                Air            0%         N/A       83%         3
 Flame Wave               Conj/Fire      0%         2d4       99%         4
 Olgreb's Toxic Radiance  Pois           0%         N/A       99%         4


Dungeon Overview and Level Annotations

Branches:
Dungeon (4/15)
 Temple: D:4-7

Altars:
Elyvilon


Innate Abilities, Weirdness & Mutations

You are too large for most types of armour.
You have claws for hands.
Your natural rate of healing is unusually fast.
You are covered in fur. (AC +1)
You have tough skin. (AC +1)


Message History

The orc splashes around in the water.
You closely miss something.
You are engulfed in a cloud of scalding steam.
* * * LOW HITPOINT WARNING * * *
You hear a splashing noise.
The orc hits you with a +0 club.
* * * LOW HITPOINT WARNING * * *
You barely miss something. Something hits you.
* * * LOW HITPOINT WARNING * * *
You completely miss something. The orc barely misses you.
Unknown command.
You miss something.
You hear a splashing noise.
The orc hits you with a +0 club.
* * * LOW HITPOINT WARNING * * *
You miss something.
You hear a splashing noise.
The orc barely misses you.
You barely miss something. Something hits you.
* * * LOW HITPOINT WARNING * * *
The orc hits you but does no damage. The quokka closely misses you.
You barely miss something.
You hear some strange, mumbled words.
A puff of flame appears from out of thin air!
The puff of flame misses you. The orc hits you but does no damage.
The quokka bites you but does no damage.
You closely miss something.
You are engulfed in a cloud of scalding steam.
The quokka bites you.
* * * LOW HITPOINT WARNING * * *
Something hits you but does no damage. The orc hits you with a +0 club.
Elyvilon protects you from harm!
You scratch something.
You are engulfed in a cloud of scalding steam.
* * * LOW HITPOINT WARNING * * *
The quokka twitches its whiskers.
The quokka bites you.
* * * LOW HITPOINT WARNING * * *
Something hits you.
You die...

#.# ############
#.###≈≈≈≈≈≈≈≈≈≈#
#.≈≈≈≈≈≈#######≈
############≈≈≈≈
#≈≈≈≈≈###
###########≈≈≈
#####≈≈≈### #≈≈#
###o≈≈≈≈≈≈≈≈#####≈≈≈
#≈{@§#####≈≈≈≈≈≈≈≈≈#
#≈≈≈r### ###≈≈≈#####
.....≈# #≈≈≈≈##
##..## ###### #. #


You could see an orc and a quokka.

Vanquished Creatures
  An ogre (D:2)
  An orc priest (D:4)
  Crazy Yiuf (D:2)
  A hound skeleton (D:3)
  6 adders
  2 dart slugs
  3 orcs
  6 ball pythons
  6 bats
  2 endoplasms
  3 giant cockroaches
  4 goblins
  7 hobgoblins
  6 jackals
  8 kobolds
  3 quokkas
  4 frilled lizards
  13 rats
77 creatures vanquished.

Notes
Turn   | Place    | Note
-------+----------+-------------------------------------------
     0 | D:1      | HallandMoats the Troll Monk began the quest for the Orb.
     0 | D:1      | Reached XP level 1. HP: 22/22 MP: 0/0
   116 | D:1      | Reached XP level 2. HP: 28/29 MP: 1/1
   717 | D:1      | Reached XP level 3. HP: 36/36 MP: 2/2
   846 | D:1      | Reached skill level 1 in Armour
   891 | D:2      | Noticed an ogre
   899 | D:2      | Identified the ring "Haiq" {rPois rC+ Str-3 Stlth+}
   942 | D:2      | Killed an ogre
   943 | D:2      | Reached XP level 4. HP: 45/45 MP: 3/3
   967 | D:2      | Found a faded altar of an unknown god.
   979 | D:2      | Reached XP level 5. HP: 53/53 MP: 4/4
   987 | D:2      | Prayed at the altar of an unknown god.
   987 | D:2      | Became a worshipper of Elyvilon the Healer
   987 | D:2      | Reached * piety under Elyvilon
   987 | D:2      | Reached ** piety under Elyvilon
  1185 | D:2      | Reached *** piety under Elyvilon
  1301 | D:2      | Found a runed translucent door.
  1302 | D:2      | Noticed Crazy Yiuf
  1309 | D:2      | Killed Crazy Yiuf
  1310 | D:2      | Reached skill level 4 in Unarmed Combat
  1829 | D:3      | Identified the +6 mace "Otur" {flame, Will+ Str+2}
  2050 | D:3      | Reached **** piety under Elyvilon
  2221 | D:4      | Reached XP level 6. HP: 52/61 MP: 5/5
  2228 | D:4      | HP: 3/61 [orc (2)]
  2233 | D:4      | HP: 2/61 [something (3)]
  2235 | D:4      | Elyvilon protects you from harm!
  2236 | D:4      | Slain by an orc wizard

Illustrated notes

Levels and vault maps discovered:
D:1:      dpeg_arrival_radiant, layout_basic, minmay_misc_feat_iff
D:2:      layout_rooms, hellmonk_ecumenical_altar_heavens_door,
          uniq_crazy_yiuf_cottage
D:3:      layout_basic, ebering_dispersal_statue_hall, minmay_vboxes
D:4:      layout_loops_ring, chequers_serial_rivers_large_b

Skill      XL: |  1  2  3  4  5 |
---------------+----------------+-----
Armour         | 1 2 |  2.3
Fighting       | 3 |  3.4
Dodging        | 3 |  3.4
Unarmed Combat | 4 |  4.3
Stealth        | |  1.0

Action                   |  1- 3 |  4- 6 || total
-------------------------+-------+-------++-------
Melee: Unarmed           |    78 |   112 ||   190
       Punch             |     1 |     3 ||     4
 Stab: Sleeping          |     1 |    12 ||    13
       Distracted        |       |     1 ||     1
       Invisible         |       |     1 ||     1
Armor: Robe              |    32 |    27 ||    59
Dodge: Dodged            |    51 |    45 ||    96

Table legend: (Time is in decaauts)
 A = Elapsed time spent in this place.
 B = Non-inter-level travel time spent in this place.
 C = Inter-level travel time spent in this place.
 D = Time resting spent in this place.
 E = Time spent auto-exploring this place.
 F = Levels seen in this place.
 G = Mean time per level.
                   A        B        C        D        E       F      G
               +--------+--------+--------+--------+--------+-----+--------+
         Total |   2245 |   2149 |     96 |      0 |   1636 |   4 |  561.2 |
       Dungeon |   2245 |   2149 |     96 |      0 |   1636 |   4 |  561.2 |
               +--------+--------+--------+--------+--------+-----+--------+

Top non-repeatable levels by time:
     D:1: 886 daAuts
     D:3: 720 daAuts
     D:2: 448 daAuts
     D:4: 190 daAuts
